 Dungeon Crawl Stone Soup version 0.31.0-11-ge490571c62 (webtiles) character file.

Game seed: 6935442171818366495

15350 qw the Skirmisher (level 12, -6/73 HPs)
             Began as a Deep Elf Hunter on Feb 5, 2024.
             Was a High Priest of Okawaru.
             Mangled by Sonja
             ... wielding a +0 dagger of distortion
              (23 damage)
             ... on level 3 of the Lair of Beasts.
             The game lasted 00:01:19 (11079 turns).

qw the Skirmisher (Deep Elf Hunter)                Turns: 11079, Time: 00:01:19

Health: -6/73      AC: 19    Str: 12    XL:     12   Next: 0%
Magic:  15/20      EV: 20    Int: 16    God:    Okawaru [*****.]
Gold:   873        SH:  4    Dex: 24    Spells: 11/11 levels left

rFire   . . .        a - +2 shortbow (freeze)
rCold   + . .        (shield currently unavailable)
rNeg    + . .        g - +2 ring mail {rC+}
rPois   .            l - +0 helmet
rElec   .            h - +2 cloak
rCorr   .            i - +2 pair of gloves
SInv    .            c - +0 pair of boots {Stlth+}
Will    ++...        (no amulet)
Stlth   +++          s - +6 ring of dexterity
HPRegen 0.32/turn    r - ring of positive energy
MPRegen 0.17/turn

%: no passive effects
@: finesse-ful
A: iridescent scales 1, large bone plates 1, strong-willed 1, screaming 1
a: Renounce Religion, Heroism, Finesse, Duel


You were on level 3 of the Lair of Beasts.
You worshipped Okawaru.
Okawaru was extremely pleased with you.
You visited 3 branches of the dungeon, and saw 13 of its levels.
You also visited: Ossuary.

You collected 873 gold pieces.


Innate Abilities, Weirdness & Mutations

You are partially covered in iridescent scales. (AC +2)
You are partially covered in large bone plates. (SH +4)
You are strong-willed. (Will+)
You occasionally shout uncontrollably at your foes.


   Skills:
 - Level 8.0 Fighting
 - Level 14.0 Ranged Weapons
 - Level 5.1 Armour
 + Level 12.5 Dodging
 - Level 1.2 Stealth
 + Level 8.0 Invocations


You had 11 spell levels left.
You didn't know any spells.
Your spell library was empty.

Inventory:

Hand Weapons
 a - a +2 shortbow of freezing (weapon)
Armour
 c - a +0 pair of boots of stealth (worn)
 g - a +2 ring mail of cold resistance (worn)
 h - a +2 cloak (worn)
 i - a +2 pair of gloves (worn)
 j - a +3 ring mail
 l - a +0 helmet (worn)
Jewellery
 r - a ring of positive energy (right hand)
 s - a +6 ring of dexterity (left hand)
Wands
 k - a wand of roots (16)
 m - a wand of polymorph (10)
 n - a wand of digging (6)
 q - a wand of paralysis (1)
 t - a wand of acid (3)
Scrolls
 d - 3 scrolls of identify
 o - a scroll of teleportation
Potions
 b - a potion of might
 e - a potion of curing
 f - 3 potions of mutation
 p - a potion of enlightenment

Dungeon Overview and Level Annotations

Branches:
Dungeon (9/15)             Temple (1/1) D:7            Lair (3/5) D:9
  Snake (0/4) Lair:2          Orc (0/2) D:9         Ossuary (visited)
  Swamp: Lair:2-3    Shoals: Lair:2-3

Altars:
Ashenzari
Cheibriados
Dithmenos
Elyvilon
Fedhas
Gozag
Hepliaklqana
Kikubaaqudgha
Makhleb
Nemelex Xobeh
Okawaru
Qazlal
Ru
Sif Muna
Trog
Uskayaw
Vehumet
Wu Jian
Xom
Yredelemnul
Zin
The Shining One

Shops:
D:1 [[*

Annotations:
D:1 2 transporters
Lair:3 Sonja


Message History

The yak closely misses you.
You shoot an arrow. The arrow hits the yak.
The arrow freezes the yak.
The yak is severely wounded.
Sonja gestures wildly while chanting.
Sonja blinks!
You shoot an arrow. The arrow hits the yak.
The arrow freezes the yak.
The yak is severely wounded.
You feel sick. The yak gores you but does no damage.
The yak barely misses you. x2
You shoot an arrow. The arrow barely misses the yak.
You shoot an arrow. The arrow hits the yak.
The arrow freezes the yak.
The yak is almost dead.
The yak gores you but does no damage.
You shoot an arrow. The arrow hits the yak!
The arrow freezes the yak.
You kill the yak!
Okawaru accepts your kill.
You feel sick.
The yak gores you but does no damage. x2
Your Invocations skill increases to level 8!
You shoot an arrow. The arrow hits the yak!
The arrow freezes the yak.
The yak is moderately wounded.
You shoot an arrow. The arrow hits the yak!
The arrow freezes the yak.
The yak is heavily wounded.
You feel sick. You block the yak's attack. The yak gores you.
You shoot an arrow. The arrow barely misses the yak.
You shoot an arrow. The arrow hits the yak.
The arrow freezes the yak.
The yak is severely wounded.
You shoot an arrow. The arrow hits the yak!
The arrow freezes the yak.
You kill the yak!
Okawaru accepts your kill.
You feel sick. The yak gores you but does no damage.
You have reached level 12!
You feel clever.
You shoot an arrow. The arrow misses Sonja.
You shoot an arrow. The arrow hits Sonja.
The arrow freezes Sonja.
Sonja is heavily wounded.
You feel sick.
You are no longer poisoned.
Sonja hits you but does no damage. Space warps horribly around you!!
Sonja barely misses you. Sonja hits you but does no damage.
Space warps horribly around you!!
You die...
Sonja applauds herself.

## # ##.
#.####.###
#.....Y@#
#.....K%#
#...<...#
#P.......#
#........#
##.......#
#.......#
#.......#
P.......#


You could see a yak and Sonja.

Vanquished Creatures
  A catoblepas (Lair:2)
  3 death yaks (Lair:2)
  A two-headed ogre (D:8)
  A skyshark (Lair:2)
  4 black mambas
  5 cane toads
  A rime drake (Lair:1)
  Psyche (D:9)
  A komodo dragon (Lair:1)
  Grinder (D:6)
  A hornet (D:9)
  8 blink frogs
  A shadow (D:9)
  A warg (D:8)
  11 yaks
  Eustachio (D:6)
  A steam dragon (D:8)
  Menkaure (D:6)
  Duvessa (D:4)
  11 water moccasins
  2 black bears
  2 orc warriors (D:8)
  An ogre (D:6)
  A wolf (D:8)
  A centaur (D:8)
  3 kobold brigands
  2 phantoms
  7 bullfrogs
  Blork the orc (D:6)
  3 scorpions
  Dowan (D:4)
  9 killer bees
  2 howler monkeys
  A bombardier beetle (D:6)
  4 jellies
  A gnoll bouda (D:7)
  4 hounds
  3 orc priests
  3 sleepcaps
  2 iguanas
  5 orc wizards
  8 mummies (Ossuary)
  10 gnolls
  6 adders
  2 shadow imps
  2 white imps
  2 ufetubi (D:5)
  4 dart slugs
  27 orcs
  3 bats
  4 endoplasms
  A giant cockroach (D:1)
  A gnoll zombie (Ossuary)
  3 goblins (D:2)
  4 hobgoblins
  19 kobolds
  A quokka (D:3)
  4 ball pythons
  4 frilled lizards
  3 hobgoblin zombies (Ossuary)
  4 kobold zombies (Ossuary)
  5 rats
231 creatures vanquished.

Notes
Turn   | Place    | Note
-------+----------+-------------------------------------------
     0 | D:1      | qw the Deep Elf Hunter began the quest for the Orb.
     0 | D:1      | Reached XP level 1. HP: 12/12 MP: 3/3
     0 | D:1      | 0 ||| qw: Version: 0.3-a-160-g6735b56
     0 | D:1      | 0 ||| qw: Game counter: 6139
     0 | D:1      | 0 ||| qw: Melee chars always use a shield: true
     0 | D:1      | 0 ||| qw: God list: Okawaru
     0 | D:1      | 0 ||| qw: Allow faded altars: false
     0 | D:1      | 0 ||| qw: Do Orc after clearing Dungeon:15 true
     0 | D:1      | 0 ||| qw: Do second Lair branch before Depths: true
     0 | D:1      | 0 ||| qw: Lair rune preference: random
     0 | D:1      | 0 ||| qw: Goals: Normal
     0 | D:1      | 0 ||| PLANNING D:1-11
   148 | D:1      | Found Ryxiug's Assorted Antiques.
   157 | D:1      | 157 ||| SHOPLISTING 2 sapphire potions (46 gold, have 11).
   157 | D:1      | 157 ||| SHOPLISTING dyed leather armour (130 gold, have
                  | 11).
   157 | D:1      | 157 ||| SHOPLISTING encrusted fluorescent wand (104 gold,
                  | have 11).
   157 | D:1      | 157 ||| SHOPLISTING orange potion (23 gold, have 11).
   157 | D:1      | 157 ||| SHOPLISTING pair of boots (117 gold, have 11).
   157 | D:1      | 157 ||| SHOPLISTING red potion (23 gold, have 11).
   286 | D:1      | Found Muitor's Armour Shoppe.
   460 | D:1      | Found a transporter.
   460 | D:1      | Found Erygient's Armour Shoppe.
   506 | D:1      | Found a faded altar of an unknown god.
   749 | D:1      | Reached skill level 6 in Ranged Weapons
   749 | D:1      | Reached XP level 2. HP: 16/16 MP: 4/4
   993 | D:1      | Found a transporter.
  1051 | D:1      | 1051 ||| UPGRADING to +2 cloak.
  1056 | D:1      | 1056 ||| UPGRADING to +1 pair of gloves.
  1061 | D:1      | 1061 ||| UPGRADING to +3 ring mail.
  1071 | D:1      | 1071 ||| DROPPING +0 leather armour.
  1072 | D:1      | 1072 ||| READING 2 scrolls labelled EDIOCHOET.
  1073 | D:1      | 1073 ||| READING scroll labelled LEVYEL JALLEBB.
  1074 | D:1      | 1074 ||| READING scroll labelled ZEATANK HANOUHE.
  1175 | D:1      | 1175 ||| READING scroll labelled AKHLYE XEM LOT.
  1176 | D:1      | 1176 ||| DROPPING scroll of butterflies.
  1177 | D:1      | 1177 ||| DROPPING scroll of fog.
  1592 | D:2      | Reached XP level 3. HP: 20/20 MP: 5/5
  2041 | D:2      | 2041 ||| READING scroll labelled EZYBUDW FISA.
  2042 | D:2      | 2042 ||| READING scroll labelled WUSEXA REZIBB.
  2043 | D:2      | 2043 ||| DRINKING 3 sapphire potions.
  2044 | D:2      | 2044 ||| DROPPING 2 potions of degeneration.
  2046 | D:2      | 2046 ||| Stepping ~*~*~tactically~*~*~ (cloud).
  2051 | D:2      | HP: 5/20 [poisoned by you (poison gas)]
  2055 | D:2      | HP: 2/20 [poisoned by you (poison gas)]
  2145 | D:3      | 2145 ||| STAIRDANCE
  2264 | D:3      | Reached skill level 7 in Ranged Weapons
  2541 | D:3      | Reached XP level 4. HP: 25/25 MP: 6/6
  2570 | D:3      | Found a hide-covered altar of Uskayaw.
  2591 | D:3      | Found a snail-covered altar of Cheibriados.
  2695 | D:3      | 2695 ||| DRINKING dark potion.
  2696 | D:3      | 2696 ||| DRINKING amethyst potion.
  2697 | D:3      | 2697 ||| DRINKING 3 murky white potions.
  2698 | D:3      | 2698 ||| DRINKING smoky amethyst potion.
  2699 | D:3      | 2699 ||| DRINKING metallic cyan potion.
  2699 | D:3      | Gained mutation: You are partially covered in large bone
                  | plates. (SH +4) [potion of mutation]
  2699 | D:3      | Gained mutation: You are strong-willed. (Will+) [potion of
                  | mutation]
  2699 | D:3      | Gained mutation: You occasionally shout uncontrollably at
                  | your foes. [potion of mutation]
  2699 | D:3      | Gained mutation: You are partially covered in iridescent
                  | scales. (AC +2) [potion of mutation]
  2700 | D:3      | 2700 ||| DRINKING glowing dark potion.
  2932 | D:3      | Reached skill level 8 in Ranged Weapons
  3256 | D:3      | 3256 ||| UPGRADING to +0 pair of boots of stealth.
  3261 | D:3      | 3261 ||| READING 2 scrolls labelled XUSOTT PYEQUOF.
  3261 | D:3      | 3261 ||| IDENTIFYING scroll labelled SATSILIETH
  3262 | D:3      | 3262 ||| READING scroll of identify.
  3262 | D:3      | 3262 ||| IDENTIFYING scroll labelled DOULAYMM FEDO
  3263 | D:3      | 3263 ||| DROPPING scroll of vulnerability.
  3318 | D:4      | Reached skill level 1 in Armour
  3318 | D:4      | Reached XP level 5. HP: 29/29 MP: 7/7
  3403 | D:4      | HP: 5/29 [gnoll/+2 whip of freezing (9)]
  3403 | D:4      | HP: 1/29 [gnoll/+2 whip of freezing (4)]
  3404 | D:4      | 3404 ||| READING 2 scrolls of teleportation.
  3405 | D:4      | 3405 ||| DRINKING 2 potions of heal wounds.
  3543 | D:4      | Noticed Duvessa
  3546 | D:4      | Noticed Dowan
  3548 | D:4      | 3548 ||| RETREEEEATING.
  3549 | D:4      | 3549 ||| ZAPPING wand of acid (12) at 0,2 (Duvessa; floor).
  3550 | D:4      | 3550 ||| ZAPPING wand of acid (11) at 0,1 (Duvessa; floor).
  3551 | D:4      | 3551 ||| ZAPPING wand of acid (10) at 0,1 (Duvessa; floor).
  3552 | D:4      | 3552 ||| ZAPPING wand of acid (9) at 0,1 (Duvessa; floor).
  3552 | D:4      | Killed Duvessa
  3553 | D:4      | Reached skill level 9 in Ranged Weapons
  3553 | D:4      | Reached XP level 6. HP: 11/34 MP: 8/8
  3555 | D:4      | 3555 ||| ZAPPING wand of acid (8) at 0,1 (Dowan; floor).
  3556 | D:4      | 3556 ||| ZAPPING wand of acid (7) at 0,1 (Dowan; floor).
  3556 | D:4      | Killed Dowan
  3724 | D:4      | Reached skill level 10 in Ranged Weapons
  3824 | D:4      | 3824 ||| READING scroll labelled ERAVAIROHEI.
  3824 | D:4      | 3824 ||| ENCHANTING +0 shortbow.
  3825 | D:4      | 3825 ||| READING scroll labelled ANI DAPLEAXOEXA.
  3844 | D:5      | Entered Level 5 of the Dungeon
  3974 | D:5      | Reached skill level 3 in Dodging
  4057 | D:5      | Reached XP level 7. HP: 38/40 MP: 9/9
  4086 | D:5      | Reached skill level 11 in Ranged Weapons
  4147 | D:5      | Found a broken altar of Ashenzari.
  4415 | D:5      | 4415 ||| READING 2 scrolls of identify.
  4415 | D:5      | 4415 ||| IDENTIFYING inky potion
  4416 | D:5      | 4416 ||| DROPPING potion of invisibility.
  4428 | D:6      | 4428 ||| PLANNING OSSUARY
  4594 | D:6      | Noticed Menkaure
  4595 | D:6      | 4595 ||| ZAPPING wand of acid (6) at 4,1 (Menkaure; floor).
  4596 | D:6      | 4596 ||| ZAPPING wand of acid (5) at 3,0 (Menkaure; floor).
  4597 | D:6      | 4597 ||| ZAPPING wand of acid (4) at 3,0 (Menkaure; floor).
  4597 | D:6      | Killed Menkaure
  4598 | D:6      | Reached skill level 12 in Ranged Weapons
  4755 | D:6      | Reached XP level 8. HP: 45/45 MP: 10/10
  4814 | D:6      | Reached skill level 3 in Fighting
  5007 | D:6      | Noticed Blork the orc
  5014 | D:6      | Killed Blork the orc
  5131 | D:6      | Found a sand-covered staircase.
  5132 | D:6      | 5132 ||| UPGRADING to +0 helmet.
  5141 | Ossuary  | Entered an ossuary
  5155 | Ossuary  | Reached skill level 13 in Ranged Weapons
  5168 | Ossuary  | HP: 10/46 [mummy (12)]
  5169 | Ossuary  | 5169 ||| READING scroll of teleportation.
  5170 | Ossuary  | 5170 ||| DRINKING potion of heal wounds.
  5353 | Ossuary  | 5353 ||| READING 3 scrolls of identify.
  5353 | Ossuary  | 5353 ||| IDENTIFYING orange potion
  5354 | Ossuary  | 5354 ||| DROPPING potion of ambrosia.
  5378 | D:6      | 5378 ||| PLANNING D:1-11
  5380 | D:6      | 5380 ||| READING scroll of enchant weapon.
  5380 | D:6      | 5380 ||| ENCHANTING +1 shortbow.
  5454 | D:6      | Noticed Grinder
  5455 | D:6      | 5455 ||| ZAPPING wand of acid (3) at -4,0 (Grinder; floor).
  5456 | D:6      | 5456 ||| ZAPPING wand of acid (2) at -3,0 (Grinder; floor).
  5457 | D:6      | 5457 ||| ZAPPING wand of acid (1) at -2,0 (Grinder; floor).
  5458 | D:6      | Killed Grinder
  5459 | D:6      | Reached skill level 14 in Ranged Weapons
  5470 | D:6      | Noticed Eustachio
  5491 | D:6      | 5491 ||| RETREEEEATING.
  5492 | D:6      | 5492 ||| RETREEEEATING.
  5507 | D:6      | 5507 ||| RETREEEEATING.
  5508 | D:6      | 5508 ||| RETREEEEATING.
  5509 | D:6      | 5509 ||| RETREEEEATING.
  5510 | D:6      | 5510 ||| RETREEEEATING.
  5536 | D:6      | Killed Eustachio
  5624 | D:6      | Reached XP level 9. HP: 50/50 MP: 11/11
  5728 | D:6      | Found an ornate altar of the Wu Jian Council.
  5746 | D:6      | 5746 ||| READING 3 scrolls of identify.
  5746 | D:6      | 5746 ||| IDENTIFYING fuming ruby potion
  6083 | D:7      | HP: 13/52 [gnoll/+0 spear[a gnoll bouda] (4)]
  6084 | D:7      | 6084 ||| DRINKING 2 potions of heal wounds.
  6203 | D:7      | Reached skill level 6 in Dodging
  6273 | D:7      | 6273 ||| FLEEEEING.
  6342 | D:7      | Found a staircase to the Ecumenical Temple.
  6343 | D:7      | 6343 ||| PLANNING TEMPLE
  6343 | D:7      | 6343 ||| UPGRADING to +2 ring mail of cold resistance.
  6361 | Temple   | Found a transporter.
  6361 | Temple   | Found a transporter.
  6361 | Temple   | Found a transporter.
  6361 | Temple   | Found a transporter.
  6361 | Temple   | Entered the Ecumenical Temple
  6362 | Temple   | 6362 ||| PLANNING D:1-11
  6384 | Temple   | 6384 ||| PLANNING OKAWARU WORSHIP
  6391 | Temple   | Became a worshipper of Warmaster Okawaru
  6392 | Temple   | 6392 ||| PLANNING D:1-11
  6586 | D:8      | 6586 ||| STAIRDANCE
  6666 | D:8      | Found a radiant altar of Vehumet.
  6692 | D:8      | 6692 ||| Stepping ~*~*~tactically~*~*~ (cloud).
  6982 | D:8      | Found a shimmering blue altar of Sif Muna.
  6997 | D:8      | 6997 ||| FLEEEEING.
  6998 | D:8      | 6998 ||| FLEEEEING.
  6999 | D:8      | 6999 ||| FLEEEEING.
  7090 | D:8      | 7090 ||| Invisibility monster not found???
  7352 | D:8      | 7352 ||| READING 4 scrolls of identify.
  7352 | D:8      | 7352 ||| IDENTIFYING metallic puce potion
  7353 | D:8      | 7353 ||| READING 3 scrolls of identify.
  7353 | D:8      | 7353 ||| IDENTIFYING scroll labelled GASIT KUOMEM
  7354 | D:8      | 7354 ||| READING scroll of enchant armour.
  7354 | D:8      | 7354 ||| ENCHANTING +1 pair of gloves.
  7355 | D:8      | 7355 ||| DROPPING potion of brilliance.
  7365 | D:9      | Noticed a two-headed ogre
  7366 | D:9      | 7366 ||| ZAPPING wand of paralysis (11) at -4,1 (two-headed
                  | ogre; floor).
  7367 | D:9      | 7367 ||| ZAPPING wand of paralysis (10) at -3,1 (two-headed
                  | ogre; floor).
  7368 | D:9      | 7368 ||| ZAPPING wand of paralysis (9) at -2,0 (two-headed
                  | ogre; floor).
  7370 | D:9      | 7370 ||| STAIRDANCE
  7378 | D:8      | Reached * piety under Okawaru
  7379 | D:8      | Reached skill level 3 in Armour
  7381 | D:9      | 7381 ||| STAIRDANCE
  7389 | D:8      | HP: 13/54 [poisoned by a killer bee]
  7390 | D:8      | 7390 ||| READING scroll of teleportation.
  7390 | D:8      | HP: 1/54 [warg (12)]
  7391 | D:8      | 7391 ||| DRINKING potion of heal wounds.
  7530 | D:8      | Reached skill level 1 in Invocations
  7636 | D:9      | 7636 ||| STAIRDANCE
  7638 | D:8      | 7638 ||| ZAPPING wand of paralysis (8) at 0,1 (two-headed
                  | ogre; floor).
  7639 | D:8      | 7639 ||| ZAPPING wand of paralysis (7) at 0,1 (two-headed
                  | ogre; floor).
  7640 | D:8      | 7640 ||| ZAPPING wand of paralysis (6) at 0,1 (two-headed
                  | ogre; floor).
  7641 | D:8      | 7641 ||| INVOKING Heroism.
  7650 | D:8      | Killed a two-headed ogre
  7651 | D:8      | Reached skill level 3 in Invocations
  7651 | D:8      | Reached XP level 10. HP: 42/59 MP: 11/14
  7851 | D:9      | 7851 ||| ZAPPING wand of paralysis (5) at 1,-1 (hornet;
                  | floor).
  7984 | D:9      | Found a staircase to the Orcish Mines.
  8058 | D:9      | Found a staircase to the Lair.
  8347 | D:9      | Reached ** piety under Okawaru
  8357 | D:9      | Reached skill level 6 in Fighting
  8357 | D:9      | HP: 15/60 [poisoned by a killer bee]
  8509 | D:9      | Found a shimmering altar of Xom.
  8970 | D:9      | Noticed Psyche
  8981 | D:9      | Killed Psyche
  9005 | D:9      | 9005 ||| PLANNING LAIR
  9005 | D:9      | 9005 ||| UPGRADING to +6 ring of dexterity.
  9006 | D:9      | 9006 ||| READING 3 scrolls of identify.
  9006 | D:9      | 9006 ||| IDENTIFYING scroll labelled GEASTU LUDO
  9007 | D:9      | 9007 ||| READING scroll of brand weapon.
  9007 | D:9      | 9007 ||| BRANDING +2 shortbow.
  9041 | Lair:1   | Entered Level 1 of the Lair of Beasts
  9111 | Lair:1   | Reached skill level 9 in Dodging
  9147 | Lair:1   | Noticed a cane toad
  9148 | Lair:1   | 9148 ||| ZAPPING wand of paralysis (4) at 2,7 (cane toad;
                  | floor).
  9155 | Lair:1   | Killed a cane toad
  9241 | Lair:1   | Noticed a cane toad
  9242 | Lair:1   | 9242 ||| ZAPPING wand of paralysis (3) at -7,6 (cane toad;
                  | floor).
  9260 | Lair:1   | Killed a cane toad
  9275 | Lair:1   | Noticed a cane toad
  9276 | Lair:1   | 9276 ||| ZAPPING wand of paralysis (2) at -7,0 (cane toad;
                  | floor).
  9282 | Lair:1   | Reached *** piety under Okawaru
  9293 | Lair:1   | 9293 ||| INVOKING Heroism.
  9294 | Lair:1   | Killed a cane toad
  9418 | Lair:1   | Reached XP level 11. HP: 67/67 MP: 16/16
  9443 | Lair:1   | 9443 ||| READING scroll of brand weapon.
  9443 | Lair:1   | 9443 ||| BRANDING +2 shortbow of flaming.
  9502 | Lair:1   | 9502 ||| UPGRADING to ring of positive energy.
  9532 | Lair:2   | Noticed a catoblepas
  9533 | Lair:2   | 9533 ||| INVOKING Heroism.
  9534 | Lair:2   | 9534 ||| Stepping ~*~*~tactically~*~*~ (cloud).
  9538 | Lair:2   | 9538 ||| Stepping ~*~*~tactically~*~*~ (cloud).
  9543 | Lair:2   | 9543 ||| Stepping ~*~*~tactically~*~*~ (cloud).
  9546 | Lair:2   | 9546 ||| Stepping ~*~*~tactically~*~*~ (cloud).
  9548 | Lair:2   | Killed a catoblepas
  9549 | Lair:2   | 9549 ||| Stepping ~*~*~tactically~*~*~ (cloud).
  9559 | Lair:2   | 9559 ||| RETREEEEATING.
  9560 | Lair:2   | 9560 ||| RETREEEEATING.
  9561 | Lair:2   | 9561 ||| RETREEEEATING.
  9562 | Lair:2   | 9562 ||| RETREEEEATING.
  9563 | Lair:2   | 9563 ||| RETREEEEATING.
  9564 | Lair:2   | 9564 ||| RETREEEEATING.
  9569 | Lair:2   | 9569 ||| RETREEEEATING.
  9570 | Lair:2   | 9570 ||| RETREEEEATING.
  9574 | Lair:2   | 9574 ||| RETREEEEATING.
  9575 | Lair:2   | 9575 ||| RETREEEEATING.
  9576 | Lair:2   | 9576 ||| RETREEEEATING.
  9579 | Lair:2   | Reached **** piety under Okawaru
  9588 | Lair:2   | Reached skill level 12 in Dodging
  9827 | Lair:2   | 9827 ||| READING scroll of brand weapon.
  9827 | Lair:2   | 9827 ||| BRANDING +2 shortbow of draining.
 10083 | Lair:2   | Found a staircase to the Snake Pit.
 10085 | Lair:2   | 10085 ||| RETREEEEATING.
 10086 | Lair:2   | 10086 ||| RETREEEEATING.
 10087 | Lair:2   | 10087 ||| RETREEEEATING.
 10089 | Lair:2   | 10089 ||| RETREEEEATING.
 10090 | Lair:2   | 10090 ||| RETREEEEATING.
 10091 | Lair:2   | 10091 ||| RETREEEEATING.
 10092 | Lair:2   | 10092 ||| RETREEEEATING.
 10093 | Lair:2   | 10093 ||| RETREEEEATING.
 10094 | Lair:2   | 10094 ||| RETREEEEATING.
 10095 | Lair:2   | 10095 ||| RETREEEEATING.
 10096 | Lair:2   | 10096 ||| RETREEEEATING.
 10097 | Lair:2   | 10097 ||| RETREEEEATING.
 10098 | Lair:2   | 10098 ||| RETREEEEATING.
 10099 | Lair:2   | 10099 ||| RETREEEEATING.
 10100 | Lair:2   | 10100 ||| RETREEEEATING.
 10105 | Lair:2   | 10105 ||| INVOKING Finesse.
 10106 | Lair:2   | 10106 ||| INVOKING Finesse.
 10263 | Lair:2   | 10263 ||| RETREEEEATING.
 10267 | Lair:2   | 10267 ||| RETREEEEATING.
 10268 | Lair:2   | 10268 ||| RETREEEEATING.
 10272 | Lair:2   | 10272 ||| RETREEEEATING.
 10273 | Lair:2   | 10273 ||| RETREEEEATING.
 10274 | Lair:2   | 10274 ||| RETREEEEATING.
 10288 | Lair:2   | HP: 17/68 [cane toad (14)]
 10289 | Lair:2   | 10289 ||| READING 2 scrolls of teleportation.
 10291 | Lair:2   | HP: 7/68 [poisoned by a cane toad]
 10293 | Lair:2   | HP: 3/68 [poisoned by a cane toad]
 10294 | Lair:2   | 10294 ||| DRINKING 2 potions of curing.
 10294 | Lair:2   | 10294 ||| (to cure poison)
 10569 | Lair:2   | Reached skill level 6 in Invocations
 10596 | Lair:2   | Noticed a skyshark
 10597 | Lair:2   | 10597 ||| INVOKING Finesse.
 10622 | Lair:2   | Killed a skyshark
 10779 | Lair:2   | Noticed a death yak
 10780 | Lair:2   | 10780 ||| INVOKING Finesse.
 10784 | Lair:2   | Noticed a death yak
 10789 | Lair:2   | Noticed a death yak
 10806 | Lair:2   | Killed a death yak
 10813 | Lair:2   | Killed a death yak
 10813 | Lair:2   | Reached ***** piety under Okawaru
 10838 | Lair:2   | Killed a death yak
 10945 | Lair:2   | 10945 ||| DROPPING +1 sling of freezing.
 11007 | Lair:2   | 11007 ||| DROPPING ring of magical power.
 11008 | Lair:2   | 11008 ||| READING 4 scrolls of identify.
 11008 | Lair:2   | 11008 ||| IDENTIFYING scroll labelled HETOXU TETA
 11009 | Lair:2   | 11009 ||| DROPPING scroll of fear.
 11033 | Lair:3   | 11033 ||| RETREEEEATING.
 11034 | Lair:3   | 11034 ||| RETREEEEATING.
 11035 | Lair:3   | 11035 ||| RETREEEEATING.
 11036 | Lair:3   | 11036 ||| INVOKING Finesse.
 11037 | Lair:3   | 11037 ||| INVOKING Finesse.
 11044 | Lair:3   | Noticed Sonja
 11078 | Lair:3   | Reached XP level 12. HP: 40/73 MP: 15/20
 11079 | Lair:3   | HP: 17/73 [Sonja/+0 dagger of distortion (22)]
 11079 | Lair:3   | Mangled by Sonja

Levels and vault maps discovered:
D:1:      heliophobic_arrival_henge, layout_basic, serial_shops,
          nicolae_shop_drivethru, shop, shop,
          hellmonk_ecumenical_altar_inner_sanctum
D:2:      layout_basic
D:3:      layout_loops_corners, lemuel_coloured_pillars_altar,
          lemuel_crystal_altar, bh_walls_and_bars
D:4:      layout_rooms, uniq_duvessa
D:5:      layout_loops_ring, mainiacjoe_overflow_paths
D:6:      layout_loops_corners, kennysheep_mini,
          nicolae_ossuary_entry_false_entrances, uniq_grinder,
          uniq_blork_the_orc, uniq_eustachio, uniq_menkaure
D:7:      layout_cave_pools, minmay_temple_entry_statues_fountains
D:8:      layout_rooms, led_sif_book, amcnicky_altar_gilded
D:9:      layout_layer_cave, mainiacjoe_overflow_catwalk, lair_entry_dummy,
          minmay_orc_entry_guard_dogs, uniq_psyche
Temple:   hellmonk_temple_divided_pantheon
Lair:1:   layout_hall_layers, nicolae_quartered_pool_impasse
Lair:2:   layout_cave_pods, minmay_snake_entry_six_corridors,
          grunt_megastairs_4, infiniplex_staircase_pool_2
Lair:3:   layout_big_grid, minmay_swamp_entry_eels, beast_lair_carwin_3,
          lemuel_fruit_fields, uniq_sonja, uniq_gastronok, uniq_amaemon

Skill      XL: |  1  2  3  4  5  6  7  8  9 10 11 |
---------------+----------------------------------+-----
Ranged Weapons | 6 7 8 9 10 12 14 | 14.0
Armour         | 1 2 3 4 5 |  5.1
Fighting       | 2 3 5 7 8 |  8.0
Dodging        | 3 5 8 10 12 | 12.5
Invocations    | 3 4 8 |  8.0
Stealth        | |  1.2

Action                     |  1- 3 |  4- 6 |  7- 9 | 10-12 || total
---------------------------+-------+-------+-------+-------++-------
   Fire: Shortbow          |    99 |   140 |   610 |   481 ||  1330
 Invoke: Heroism           |       |       |     1 |     2 ||     3
         Finesse           |       |       |       |     4 ||     4
  Evoke: Wand              |       |     6 |    12 |     4 ||    22
    Use: Scroll            |     6 |     5 |     9 |     6 ||    26
         Potion            |     1 |     7 |     3 |     1 ||    12
 Armour: Leather armour    |     6 |       |       |       ||     6
         Ring mail         |    18 |    54 |   212 |   161 ||   445
         Skin              |       |    20 |       |       ||    20
  Dodge: Dodged            |    31 |    38 |   223 |   218 ||   510
  Block: Other             |       |    14 |    65 |    42 ||   121

Table legend:
 A = Non-vault XP
 B = Vault XP
 C = Vault XP percentage of total XP
 D = Non-vault monster count
 E = Vault monster count
 F = Vault count percentage of total count
                 A         B        C        D         E       F
            +---------+---------+-------+---------+---------+-------
      Total |   18056 |    3873 |  17.7 |     194 |      37 |  16.0
            +---------+---------+-------+---------+---------+-------
        D:1 |      13 |       0 |   0.0 |       7 |       0 |   0.0
        D:2 |      43 |       0 |   0.0 |      19 |       0 |   0.0
        D:3 |     100 |       0 |   0.0 |      19 |       0 |   0.0
        D:4 |     231 |     221 |  48.9 |      13 |       2 |  13.3
        D:5 |     449 |       0 |   0.0 |      14 |       0 |   0.0
        D:6 |     894 |     731 |  45.0 |      19 |       4 |  17.4
        D:7 |     800 |       0 |   0.0 |      30 |       0 |   0.0
        D:8 |    1711 |     391 |  18.6 |      21 |       4 |  16.0
        D:9 |    1083 |     340 |  23.9 |      13 |       1 |   7.1
     Lair:1 |    4096 |       0 |   0.0 |      16 |       0 |   0.0
     Lair:2 |    6915 |    2031 |  22.7 |      17 |      10 |  37.0
     Lair:3 |    1721 |       0 |   0.0 |       6 |       0 |   0.0
    Ossuary |       0 |     159 | 100.0 |       0 |      16 | 100.0
            +---------+---------+-------+---------+---------+-------
